 Dungeon Crawl Stone Soup version 0.27-a0-773-gaaee5cf45b (webtiles) character file.

Game seed: 6127157166334232296

119 rageheart7 the Cudgeller (level 5, -4/78 (81) HPs)
             Began as an Ogre Gladiator on Mar 26, 2021.
             Killed by nerve-wracking pain
             ... invoked by an orc priest
              (13 damage)
             ... on level 3 of the Dungeon.
             The game lasted 00:01:54 (2289 turns).

rageheart7 the Cudgeller (Ogre Gladiator)           Turns: 2289, Time: 00:01:55

HP:   -4/78 (81)    AC:  3    Str: 19    XL:     5   Next: 3%
MP:   5/5           EV: 10    Int:  9    God:
Gold: 91            SH:  0    Dex: 10    Spells: 4/4 levels left

rFire    . . .     SeeInvis .   j - +2 whip (venom)
rCold    . . .     Faith    .   (no shield)
rNeg     . . .     Spirit   .   b - +0 robe
rPois    .         Reflect  .   c - +0 hat
rElec    .         Harm     .   (no cloak)
rCorr    .         Rampage  .   (gloves unavailable)
Will     .....                  (boots unavailable)
Stlth    ..........             (no amulet)
HPRegen  0.23/turn              (no ring)
MPRegen  0.09/turn              (no ring)

@: mighty, berserking, lightly drained, very quick
A: large, unfitting armour, tough skin 1
a: no special abilities


You were on level 3 of the Dungeon.
You visited 1 branch of the dungeon, and saw 4 of its levels.

You collected 91 gold pieces.

Inventory:

Hand Weapons
 a - a +0 flail
 j - a +2 whip of venom (weapon)
Missiles
 d - 3 throwing nets (quivered)
Armour
 b - a +0 robe (worn)
 c - a +0 hat (worn)
Jewellery
 h - a ring of see invisible
Scrolls
 i - a scroll of magic mapping {unknown}
 k - a scroll of amnesia {unknown}
Potions
 e - a potion of might
 g - a potion of attraction {unknown}


   Skills:
 * Level 4.0 Fighting
 * Level 4.5 Maces & Flails
 - Level 2.0 Throwing
 - Level 2.6 Dodging


You had 4 spell levels left.
You didn't know any spells.
Your spell library contained the following spells:

 Spells                   Type           Power      Damage    Failure   Level
 Animate Skeleton         Necr           0%         N/A       38%         1
 Apportation              Tloc           0%         N/A       38%         1
 Corona                   Hex            0%         N/A       38%         1
 Summon Small Mammal      Summ           0%         N/A       38%         1


Dungeon Overview and Level Annotations

Branches:
Dungeon (4/15)
 Temple: D:4-7

Altars:
Makhleb
Trog
The Shining One


Innate Abilities, Weirdness & Mutations

You are too large for most types of armour.
You have tough skin. (AC +1)


Message History

The orc priest calls down the wrath of Beogh upon you.
Beogh smites you!
You are too injured to fight recklessly!
You are too injured to fight recklessly!
You are too injured to fight recklessly!
You are too injured to fight recklessly!
You are too injured to fight recklessly!
You are too injured to fight recklessly!
You are too injured to fight recklessly!
You are too injured to fight recklessly!
You are too injured to fight recklessly!
You are too injured to fight recklessly!
You are too injured to fight recklessly!
You hit the orc priest but do no damage.
The orc priest is heavily wounded.
The orc wizard casts a spell at itself.
The orc wizard flickers and vanishes!
Deactivating autopickup; reactivate with Ctrl-A.
The orc priest hits you with a +0 club.
You hit the orc priest but do no damage.
The orc priest is heavily wounded.
Something hits you.
* * * LOW HITPOINT WARNING * * *
You feel drained. The orc hits you with a +0 hand axe.
* * * LOW HITPOINT WARNING * * *
Unknown command.
It was a potion of might.
You feel very mighty all of a sudden.
The orc priest hits you but does no damage.
Something hits you.
* * * LOW HITPOINT WARNING * * *
You feel drained.
* * * LOW HITPOINT WARNING * * *
The orc barely misses you.
It was a potion of berserk rage.
A red film seems to cover your vision as you go berserk!
You feel yourself moving faster!
You feel mighty!
The orc priest invokes the aid of Beogh against you.
Pain shoots through your body!
You die...

. .$..
.... ....
####.....#
#...o.##.#
#o###o..
##@#.o.#
#{o#..#
#.l>.)#
#.....#
......####
.......#
.....#.#
#....#.#
?.......


You could see an orc priest, an orc and a frilled lizard.

Vanquished Creatures
  Natasha (D:4)
  3 adders
  2 dart slugs (D:1)
  An orc (D:3)
  7 ball pythons
  2 bats
  3 endoplasms (D:1)
  2 giant cockroaches
  A goblin (D:3)
  3 hobgoblins
  11 jackals
  5 quokkas
  A frilled lizard (D:1)
  8 kobolds
  6 rats (D:2)
56 creatures vanquished.

Notes
Turn   | Place    | Note
-------+----------+-------------------------------------------
     0 | D:1      | rageheart7 the Ogre Gladiator began the quest for the Orb.
     0 | D:1      | Reached XP level 1. HP: 22/22 MP: 1/1
    98 | D:1      | Reached XP level 2. HP: 29/29 MP: 2/2
   516 | D:1      | Reached XP level 3. HP: 37/37 MP: 3/3
  1048 | D:2      | Found a glowing golden altar of the Shining One.
  1569 | D:2      | Reached XP level 4. HP: 41/45 MP: 4/4
  1773 | D:2      | Noticed a moth of wrath
  1776 | D:2      | Found a bloodstained altar of Trog.
  1933 | D:2      | Found a burning altar of Makhleb.
  1936 | D:2      | You fall into a shaft and drop 2 floors!
  2173 | D:4      | Noticed Natasha
  2179 | D:4      | Killed Natasha
  2181 | D:4      | Reached XP level 5. HP: 43/54 MP: 5/5
  2289 | D:3      | Killed from afar by an orc priest

Illustrated notes

Levels and vault maps discovered:
D:1:      lightli_arrival_lavapool, layout_loops_ring, minmay_heptomino_h4
D:2:      minmay_kobold_bridge, layout_loops_ring, bloody_makhleb,
          nicolae_overflow_crystal_walls, lemuel_coloured_pillars_altar,
          tgw_trog, lemuel_round_altar
D:3:      layout_rooms
D:4:      layout_basic, uniq_natasha

Skill      XL: |  1  2  3  4 |
---------------+-------------+-----
Maces & Flails | 3 4 |  4.5
Fighting       | 3 4 |  4.0
Throwing       | |  2.0
Dodging        | |  2.6

Action                   |  1- 3 |  4- 6 || total
-------------------------+-------+-------++-------
Melee: Flail             |    84 |       ||    84
       Whip              |     4 |    54 ||    58
  Use: Potion            |       |     2 ||     2
 Stab: Sleeping          |     2 |       ||     2
Armor: Robe              |    24 |     7 ||    31
Dodge: Dodged            |    51 |    23 ||    74

Table legend: (Time is in decaauts)
 A = Elapsed time spent in this place.
 B = Non-inter-level travel time spent in this place.
 C = Inter-level travel time spent in this place.
 D = Time resting spent in this place.
 E = Time spent auto-exploring this place.
 F = Levels seen in this place.
 G = Mean time per level.
                   A        B        C        D        E       F      G
               +--------+--------+--------+--------+--------+-----+--------+
         Total |   2300 |   2150 |    150 |    196 |   1628 |   4 |  575.0 |
       Dungeon |   2300 |   2150 |    150 |    196 |   1628 |   4 |  575.0 |
               +--------+--------+--------+--------+--------+-----+--------+

Top non-repeatable levels by time:
     D:1: 979 daAuts
     D:2: 973 daAuts
     D:4: 327 daAuts
     D:3: 20 daAuts
